 Dungeon Crawl Stone Soup version 0.29.0-4-gdea44cf6ec (webtiles) character file.

Game seed: 14163446729878167080

65 qw the Chopper (level 4, 0/21 (26) HPs)
             Began as a Tengu Warper on Aug 28, 2022.
             Slain by Terence
             ... wielding a +2 short sword of draining
              (3 damage)
             ... on level 2 of the Dungeon.
             The game lasted 00:00:09 (2421 turns).

qw the Chopper (Tengu Warper)                       Turns: 2421, Time: 00:00:10

HP:   0/21 (26)     AC:  5    Str: 13    XL:     4   Next: 14%
MP:   8/8           EV: 11    Int: 13    God:
Gold: 76            SH:  0    Dex: 14    Spells: 7/7 levels left

rFire   . . .      SeeInvis .   Y - +0 war axe
rCold   . . .      Faith    .   (no shield)
rNeg    . . .      Spirit   .   m - +0 ring mail
rPois   .          Reflect  .   (helmet restricted)
rElec   .          Harm     .   (no cloak)
rCorr   .          Rampage  .   (no gloves)
Will    .....                   (boots unavailable)
Stlth   +.........              (no amulet)
HPRegen 0.07/turn               (no ring)
MPRegen 0.11/turn               (no ring)

@: heavily drained
A: beak, talons 3
a: no special abilities


You were on level 2 of the Dungeon.
You visited 1 branch of the dungeon, and saw 2 of its levels.

You collected 76 gold pieces.


Innate Abilities, Weirdness & Mutations

You have a beak for a mouth.
You have claws for feet.


   Skills:
 - Level 2.0 Fighting
 + Level 4.7 Axes
 - Level 1.0 Throwing
 - Level 1.1 Armour
 - Level 2.1 Dodging
 - Level 2.0 Spellcasting
 - Level 2.4 Translocations


You had 7 spell levels left.
You didn't know any spells.
Your spell library contained the following spells:

 Spells                   Type           Power      Damage    Failure   Level
 Blink                    Tloc           14%        N/A       30%         2
 Gell's Gravitas          Tloc           7%         N/A       52%         3
 Lesser Beckoning         Tloc           7%         N/A       52%         3
 Teleport Other           Tloc           7%         N/A       52%         3
 Manifold Assault         Tloc           7%         N/A       99%         5

Inventory:

Hand Weapons
 j - a +1 flail of protection
 Y - a +0 war axe (weapon)
Armour
 m - a +0 ring mail (worn)
Scrolls
 a - a scroll of teleportation {unknown}
Potions
 f - a potion of cancellation {unknown}
 l - a potion of curing {unknown}
 o - a potion of brilliance {unknown}

Dungeon Overview and Level Annotations

Branches:
Dungeon (2/15)

Altars:

Shops:
D:1 *

Annotations:
D:2 Terence


Message History

Enter note:
There is a stone staircase leading down here.
Found a scroll of vulnerability.
You see here a scroll of vulnerability.
Found 4 stones.
Enter note: You see here 4 stones.
You now have 76 gold pieces (gained 9).
You enter the shallow water.
Moving in this stuff is going to be slow.
You enter the shallow water.
Moving in this stuff is going to be slow.
You open the door.
Found a robe.
Terence the Incautious comes into view.
He is wielding a +2 short sword of draining.
Found a scroll of vulnerability.
Terence shouts!
There is an open door here.
You barely miss Terence.
Terence hits you with a +2 short sword of draining!
You feel drained.
You barely miss Terence. You claw Terence.
Terence is moderately wounded.
Terence closely misses you.
You closely miss Terence. Your kick misses Terence.
Terence is moderately wounded.
Terence closely misses you. Terence hits you but does no damage.
You feel drained.
You slash Terence!
Terence is severely wounded.
Terence hits you with a +2 short sword of draining.
You feel drained.
You closely miss Terence. Your kick misses Terence.
Terence is severely wounded.
Terence hits you with a +2 short sword of draining!
You feel drained.
You closely miss Terence. Your kick misses Terence. You peck Terence.
Terence is almost dead.
Terence hits you with a +2 short sword of draining.
You die...

.P77~~.~.~~.~.....)##.##.#.#.#
.#.....)...............#.#.#.#
.#...........~.~PP~#####.#.#.#
>......~..~P~~~~7~~......#.#.#
.####~~~PP~~~~~77#########.#.#
'#####7~~P~7~~~~.# #.#.# ...#
#77777777#.# #.#.# ...# #.#
#.#.# ...# #@# #######.#.#
'### #.....@...#(......#.# .#
#.?.......#.#######.# .#
#.........#.# #.# '##
##+###...[#.# #.# ..# #....#.#
#.# ..# ##+###.# #.# ..# #.#
#.# ..# #.# #.#


You could see Terence.

Vanquished Creatures
  3 adders
  2 dart slugs (D:1)
  2 bats
  4 endoplasms (D:1)
  2 hobgoblins (D:1)
  7 jackals (D:1)
  2 quokkas (D:1)
  2 ball pythons
  2 frilled lizards (D:1)
  3 goblins
  2 kobolds
  2 rats
33 creatures vanquished.

Vanquished Creatures (others)
  3 plants (D:2)
3 creatures vanquished.

Grand Total: 36 creatures vanquished

Notes
Turn   | Place    | Note
-------+----------+-------------------------------------------
     0 | D:1      | qw the Tengu Warper began the quest for the Orb.
     0 | D:1      | Reached XP level 1. HP: 12/12 MP: 4/4
     0 | D:1      | 0 ||| qw: Version: 0.1-a-89-g26bdef1
     0 | D:1      | 0 ||| qw: Game counter: 2282
     0 | D:1      | 0 ||| qw: Always use a shield: true
     0 | D:1      | 0 ||| qw: God list: Okawaru
     0 | D:1      | 0 ||| qw: Allow faded altars: false
     0 | D:1      | 0 ||| qw: Do Orc after D:15 true
     0 | D:1      | 0 ||| qw: Do second Lair branch before Depths: true
     0 | D:1      | 0 ||| qw: Lair rune preference: random
     0 | D:1      | 0 ||| qw: Plans: Normal
     0 | D:1      | 0 ||| PLANNING D:1-11
   225 | D:1      | Found Zimic's General Store.
   233 | D:1      | 233 ||| SHOPLISTING +0 scale mail (52 gold, have 16).
   233 | D:1      | 233 ||| SHOPLISTING ring of willpower (325 gold, have 16).
   477 | D:1      | 477 ||| Stepping ~*~*~tactically~*~*~ (stealth).
   482 | D:1      | Reached skill level 3 in Axes
   482 | D:1      | Reached XP level 2. HP: 13/17 MP: 6/6
   912 | D:1      | 912 ||| DROPPING +0 club.
   979 | D:1      | 979 ||| Stepping ~*~*~tactically~*~*~ (hiding).
   980 | D:1      | 980 ||| Stepping ~*~*~tactically~*~*~ (hiding).
  1164 | D:1      | Found a faded altar of an unknown god.
  1246 | D:1      | 1246 ||| SWAPPING to +0 war axe.
  1248 | D:1      | 1248 ||| DROPPING +0 hand axe.
  1279 | D:1      | Reached XP level 3. HP: 21/21 MP: 7/7
  1465 | D:1      | Reached skill level 4 in Axes
  1588 | D:1      | 1588 ||| DROPPING scarf of invisibility.
  1589 | D:1      | 1589 ||| UPGRADING to +0 ring mail.
  1599 | D:1      | 1599 ||| DROPPING +0 leather armour.
  1600 | D:1      | 1600 ||| READING scroll labelled JIMEBA MECA.
  1601 | D:1      | 1601 ||| READING scroll labelled JYODONUZXUU.
  1602 | D:1      | 1602 ||| READING 2 scrolls labelled TARGHIYNTYGUTS.
  1603 | D:1      | 1603 ||| READING scroll labelled XIAPPU XETAGU.
  1604 | D:1      | 1604 ||| READING scroll labelled APSUEME OMEOWK.
  1605 | D:1      | 1605 ||| READING scroll labelled NORETHR XUSO.
  1606 | D:1      | 1606 ||| DROPPING scroll of blinking.
  1607 | D:1      | 1607 ||| DROPPING scroll of vulnerability.
  1608 | D:1      | 1608 ||| Stepping randomly (stuck).
  1609 | D:1      | 1609 ||| Stepping ~*~*~tactically~*~*~ (cloud).
  1614 | D:1      | HP: 5/21 [poisoned by you (poison gas)]
  1944 | D:2      | 1944 ||| STAIRDANCE
  2139 | D:2      | 2139 ||| Stepping ~*~*~tactically~*~*~ (stealth).
  2151 | D:2      | 2151 ||| Stepping ~*~*~tactically~*~*~ (stealth).
  2158 | D:2      | Reached XP level 4. HP: 20/26 MP: 8/8
  2203 | D:2      | 2203 ||| Stepping ~*~*~tactically~*~*~ (stealth).
  2227 | D:2      | 2227 ||| FLEEEEING.
  2228 | D:2      | 2228 ||| FLEEEEING.
  2412 | D:2      | Noticed Terence
  2420 | D:2      | HP: 5/22 [Terence/+2 short sword of draining (7)]
  2421 | D:2      | Slain by Terence

Levels and vault maps discovered:
D:1:      roderic_lyre, layout_basic, shapermc_ecumenical_altar_petra,
          serial_shops, nicolae_shop_advertising_works
          [nicolae_subvault_shop_adworks]
D:2:      layout_basic, serial_bayou_ford_a, uniq_terence

Skill      XL: |  1  2  3 |
---------------+----------+-----
Axes           | 3 4 |  4.7
Fighting       | |  2.0
Throwing       | |  1.0
Armour         | |  1.1
Dodging        | |  2.1
Spellcasting   | |  2.0
Translocations | |  2.4

Action                   |  1- 3 |  4- 6 || total
-------------------------+-------+-------++-------
Melee: Hand axe          |    33 |       ||    33
       Peck              |     7 |     1 ||     8
       Kick              |    15 |     2 ||    17
       War axe           |    39 |     7 ||    46
Throw: Boomerang         |     7 |       ||     7
  Use: Scroll            |     6 |       ||     6
Armor: Leather armour    |     7 |       ||     7
       Ring mail         |     8 |     1 ||     9
Dodge: Dodged            |    37 |     2 ||    39

Table legend:
 A = Non-vault XP
 B = Vault XP
 C = Vault XP percentage of total XP
 D = Non-vault monster count
 E = Vault monster count
 F = Vault count percentage of total count
                 A         B        C        D         E       F
            +---------+---------+-------+---------+---------+-------
      Total |      94 |       0 |   0.0 |      33 |       0 |   0.0
            +---------+---------+-------+---------+---------+-------
        D:1 |      61 |       0 |   0.0 |      26 |       0 |   0.0
        D:2 |      33 |       0 |   0.0 |       7 |       0 |   0.0
            +---------+---------+-------+---------+---------+-------
